 Dungeon Crawl Stone Soup version 0.32-a0-931-g5a2cda0630 (webtiles) character file.

Game seed: 10578590152132257375

12 Jannitor the Grasshopper (level 2, 23/23 HPs)
             Began as a Formicid Warper on Apr 13, 2024.
             Quit the game on level 1 of the Dungeon.
             The game lasted 00:01:19 (362 turns).

Jannitor the Grasshopper (Formicid Warper)           Turns: 362, Time: 00:01:20

Health: 23/23      AC:  3    Str: 15    XL:     2   Next: 45%
Magic:  5/5        EV: 10    Int: 12    God:
Gold:   6          SH:  0    Dex: 13    Spells: 5/5 levels left

rFire   . . .        a - +0 spear
rCold   . . .        (no shield)
rNeg    . . .        b - +0 leather armour
rPois   .            (helmet unavailable)
rElec   .            (no cloak)
rCorr   .            (no gloves)
SInv    +            (no boots)
Will    .....        (no amulet)
Stlth   +            (no ring)
HPRegen 0.23/turn    (no ring)
MPRegen 0.09/turn

%: no passive effects
@: no status effects
A: permanent stasis, dig shafts and tunnels, antennae 3, four strong arms
a: Dig, Shaft Self


You were on level 1 of the Dungeon.
You visited 1 branch of the dungeon, and saw 1 of its levels.

You collected 6 gold pieces.

Inventory:

Hand Weapons
 a - a +0 spear (weapon)
Missiles
 c - 7 darts of dispersal (quivered)
Armour
 b - a +0 leather armour (worn)
Scrolls
 d - a scroll of identify {unknown}
 e - a scroll of torment {unknown}
 f - a scroll of teleportation {unknown}
 h - a scroll of amnesia {unknown}
Potions
 g - a potion of enlightenment {unknown}
 i - a potion of degeneration {unknown}


   Skills:
 + Level 2.4 Fighting
 + Level 2.1 Polearms
 + Level 1.2 Throwing
 + Level 1.3 Armour
 + Level 1.8 Dodging
 - Level 2.3 Spellcasting
 - Level 2.7 Translocations


You had 5 spell levels left.
You didn't know any spells.
Your spell library contained the following spells:

 Spells                   Type           Power      Damage    Failure   Level
 Lesser Beckoning         Tloc           16%        N/A       16%         2
 Teleport Other           Tloc           8%         N/A       30%         3
 Blink                    Tloc           Unusable   N/A       N/A         2
 Maxwell's Portable Pile  Tloc           Unusable   2d(6-16)  N/A         3
 Vhi's Electric Charge    Tloc/Air       Unusable   N/A       N/A         4

Dungeon Overview and Level Annotations

Branches:
Dungeon (1/15)

Altars:


Innate Abilities, Weirdness & Mutations

You cannot be hasted, slowed, berserked, paralysed or teleported.
You can dig through walls and to a lower floor.
You have a pair of large antennae on your head. (SInv)
Your four strong arms can wield two-handed weapons with a shield.


Message History

The ball python bites you. The ball python grabs you.
The ball python constricts you.
You hit the ball python.
The ball python is heavily wounded.
The ball python bites you but does no damage.
The ball python constricts you.
You hit the ball python.
The ball python is severely wounded.
The ball python bites you but does no damage.
The ball python constricts you.
You closely miss the ball python.
The ball python is severely wounded.
The ball python bites you. The ball python constricts you.
You barely miss the ball python.
The ball python is severely wounded.
The ball python bites you. The ball python constricts you.
The ball python bites you but does no damage.
The ball python constricts you.
You are too injured to fight recklessly!
You barely miss the ball python.
The ball python is severely wounded.
The ball python completely misses you. The ball python constricts you.
You hit the ball python.
You kill the ball python!
You start resting.
HP restored.
Unknown command.
Unknown command.
You don't know any spells.
Unknown command.
Okay, then.
You see here a ball python corpse.
Found a stone staircase leading down.
There is a stone staircase leading down here.
There is a stone staircase leading down here.
Found 3 stones.
A rat and a frilled lizard come into view.
The rat squeaks loudly.
The frilled lizard hisses angrily.
There are monsters nearby!
Are you sure you want to abandon this character and quit the game? (Confirm with "yes".)

........# .##.....#
##........ ........#
#.......:. #.#.....#
###....=$...
.....########...........
......###.... ..........
....#........# .........
....#.#.......##........
....#.###.# #..#@...l...
......##..# ##....#.....
.........# ##...#.# ...
....###### #.>#.#... .
###.# ##.##.##.... ##.#
#..##.. ..(.# ##..#
##>###..###r## ...##
####..# ..## .. .###
#.....# ..#


You could see a frilled lizard and a rat.

Vanquished Creatures
  A ball python (D:1)
  A bat (D:1)
  2 endoplasms (D:1)
  A giant cockroach (D:1)
  4 kobolds (D:1)
  2 rats (D:1)
11 creatures vanquished.

Notes
Turn   | Place    | Note
-------+----------+-------------------------------------------
     0 | D:1      | Jannitor the Formicid Warper began the quest for the Orb.
     0 | D:1      | Reached XP level 1. HP: 16/16 MP: 3/3
   130 | D:1      | Reached XP level 2. HP: 18/22 MP: 5/5
   362 | D:1      | Quit the game

Illustrated notes

Levels and vault maps discovered:
D:1:      pf_arrival_petrified_forest, layout_rooms

Action                     || total
---------------------------++-------
  Melee: Spear             ||    50
    Use: Potion            ||     2
 Armour: Leather armour    ||    41
  Dodge: Dodged            ||    20

Table legend: (Time is in decaauts)
 A = Elapsed time spent in this place.
 B = Non-inter-level travel time spent in this place.
 C = Inter-level travel time spent in this place.
 D = Time resting spent in this place.
 E = Time spent auto-exploring this place.
 F = Levels seen in this place.
 G = Mean time per level.
                   A        B        C        D        E       F      G
               +--------+--------+--------+--------+--------+-----+--------+
         Total |    361 |    361 |      0 |     70 |    171 |   1 |  361.0 |
       Dungeon |    361 |    361 |      0 |     70 |    171 |   1 |  361.0 |
               +--------+--------+--------+--------+--------+-----+--------+

Top non-repeatable levels by time:
     D:1: 361 daAuts
